 Dungeon Crawl Stone Soup version 0.20.0-10-g0535bb4 (webtiles) character file.

223752 manyhoops the Sharpshooter (level 18, -1/158 HPs)
             Began as a Centaur Gladiator on June 6, 2017.
             Was the Champion of Okawaru.
             Slain by a naga warrior
             ... wielding a +0 trident
              (6 damage)
             ... on level 4 of the Snake Pit on June 7, 2017.
             The game lasted 02:13:55 (47652 turns).

manyhoops the Sharpshooter (Centaur Gladiator)     Turns: 47652, Time: 02:14:00

Health: -1/158     AC: 31    Str: 16    XL:     18   Next: 57%
Magic:  23/23      EV:  4    Int: 12    God:    Okawaru [******]
Gold:   199        SH:  8    Dex: 22    Spells: 17/17 levels left

rFire    + . .     SeeInvis .   t - +8 triple crossbow of Teneoq {speed, Str-2 Int+5 Dex+4}
rCold    + + .     Gourm    .   (shield currently unavailable)
rNeg     . . .     Faith    .   h - +3 scale mail {rPois}
rPois    +         Spirit   .   c - +2 helmet
rElec    +         Reflect  +   L - +2 cloak {MR+}
rCorr    .         Harm     .   o - +2 pair of gloves
MR       ++...     Clarity  +   d - +4 centaur barding of Intuition {rElec rC+}
Stlth    ..........             y - +4 amulet of reflection
Regen    0.4/turn               V - ring of protection from cold
MPRegen  0.2/turn               C - ring of fire

@: flying, constricted, very quick
A: hooves 3, large bone plates 1, clarity, cold resistance 1, deformed body,
speed 2, tough skin 3, subdued magic 1
}: 1/15 runes: decaying
a: Heroism, Finesse, Renounce Religion


You were on level 4 of the Snake Pit.
You worshipped Okawaru.
Okawaru was exalted by your worship.
You were not hungry.

You visited 5 branches of the dungeon, and saw 31 of its levels.
You also visited: Labyrinth.

You collected 3173 gold pieces.
You spent 2974 gold pieces at shops.

Inventory:

Hand Weapons
 m - the +6 shortbow of Valour {freeze, Dex+3}
   (Okawaru gifted it to you on level 14 of the Dungeon)

   It causes projectiles fired from it to freeze those they strike, causing
   extra injury to most foes and up to half again as much damage against
   particularly susceptible opponents.
   They can also slow down cold-blooded creatures.
   It affects your dexterity (+3).
 n - the +10 arbalest of Capital Punishment {elec, +Blink rF+++ MR+ Dex-3}
   (Okawaru gifted it to you on level 4 of the Swamp)

   It charges the ammunition it shoots with electricity; occasionally upon a
   hit, such missiles may discharge and cause terrible harm.
   It affects your dexterity (-3).
   It renders you almost immune to fire.
   It affects your resistance to hostile enchantments.
   It lets you blink.
 t - the +8 triple crossbow of Teneoq (weapon) {speed, Str-2 Int+5 Dex+4}
   (Okawaru gifted it to you on level 3 of the Lair of Beasts)

   Attacks with this weapon are significantly faster.
   It affects your strength (-2).
   It affects your intelligence (+5).
   It affects your dexterity (+4).
 S - a +3 lajatang of protection
 Z - a +1 glaive of venom
Missiles
 k - 91 bolts (quivered)
 x - 193 arrows
 R - a throwing net
Armour
 b - the +3 centaur barding of Yzahi {rC+++}
   (You acquired it on level 6 of the Lair of Beasts)

   It renders you almost immune to cold.
 c - a +2 helmet (worn)
 d - the +4 centaur barding of Intuition (worn) {rElec rC+}
   (Okawaru gifted it to you on level 1 of the Swamp)

   It protects you from cold.
   It insulates you from electricity.
 h - a +3 scale mail of poison resistance (worn)
 o - a +2 pair of gloves (worn)
 L - a +2 cloak of magic resistance (worn)
 W - a scarf of cloud immunity
Jewellery
 w - an uncursed ring of poison resistance
 y - a +4 amulet of reflection (around neck)
 C - a ring of fire (right hand)
 O - the amulet "Tuisidut" {Regen+ MP+9}
   (You found it on level 11 of the Dungeon)

   [amulet of regeneration]

   It affects your magic capacity (+9).
   It increases your rate of regeneration.
 V - a ring of protection from cold (left hand)
Wands
 r - a wand of disintegration (6/24)
 D - a wand of iceblast (10/15)
 G - a wand of scattershot (5/9)
 M - a wand of lightning (6/15)
 P - a wand of flame (42/48)
 Q - a wand of acid (10/15)
 Y - a wand of digging (16/24)
Scrolls
 a - 3 scrolls of fog
 e - 5 scrolls of enchant armour
 j - 2 scrolls of recharging
 q - 4 scrolls of identify
 s - 8 scrolls of enchant weapon
 A - 2 scrolls of summoning
 B - 3 scrolls of fear
 E - 8 scrolls of amnesia
 F - a scroll of holy word
 I - 8 scrolls of remove curse
 N - 2 scrolls of torment
 U - a scroll of magic mapping
Potions
 g - 2 potions of agility
 l - 3 potions of might
 p - 4 potions of haste
 u - 3 potions of flight
 v - 3 potions of invisibility
 z - 9 potions of curing
 H - 4 potions of brilliance
 J - a potion of cancellation
 K - 2 potions of ambrosia
 T - a potion of resistance
Comestibles
 f - 12 bread rations


   Skills:
 - Level 13.5 Fighting
 - Level 11.2(13.4) Polearms
 - Level 12.4(14.0) Staves
 - Level 14.2 Bows
 + Level 19.9 Crossbows
 - Level 2.1 Throwing
 - Level 9.5 Armour
 - Level 2.1 Dodging
 - Level 7.9 Invocations


You had 17 spell levels left.
You didn't know any spells.

Dungeon Overview and Level Annotations

Branches:
Dungeon (15/15)            Temple (0/1) D:5            Lair (6/6) D:10
  Swamp (4/4) Lair:4        Snake (4/4) Lair:3        Slime (0/5) Lair:6
    Orc (2/2) D:11            Elf (0/3) Orc:2        Vaults (0/5) D:13
 Depths (0/5) D:15

Altars:
Cheibriados
Dithmenos
Hepliaklqana
Okawaru
Qazlal
Ru
Sif Muna
Xom
Yredelemnul
Zin
The Shining One

Shops:
D:13 *   Orc:2 :}(*   Snake:1 (*

Annotations:
Lair:3 exclusion: 4 oklob plants


Innate Abilities, Weirdness & Mutations

You have hooves in place of feet.
Armour fits poorly on your strangely shaped body.
You cover ground very quickly.
You have extremely tough skin. (AC +3)
You are partially covered in large bone plates. (SH +4)
You possess an exceptional clarity of mind.
Your flesh is cold resistant. (rC+)
Your spells are a little easier to cast, but a little less powerful.


Message History

The guardian serpent hits you!
* * * LOW HITPOINT WARNING * * *
The naga warrior hits you with a trident!
* * * LOW HITPOINT WARNING * * *
The naga warrior grabs you.
* * * LOW HITPOINT WARNING * * *
The naga warrior constricts you.
Really attack while wielding the +8 triple crossbow of Teneoq {speed, Str-2 Int+5 Dex+4}? [Y]es or [N]o only, please.
Really attack while wielding the +8 triple crossbow of Teneoq {speed, Str-2 Int+5 Dex+4}?
Okay, then.
Blink to where?
Press: ? - help, Dir - move target cursor, p - naga warrior The naga warrior's grasp on you weakens, but your attempt to escape fails.
As you read the scroll of blinking, it crumbles to dust.
The guardian serpent hits you but does no damage.
The nagaraja hits you with a halberd!
* * * LOW HITPOINT WARNING * * *
You block the naga warrior's attack.
You die...

..##...≈≈§########§§≈.).##.).....
...##)..≈≈≈≈≈≈§≈≈≈≈≈...##.......#
....##..≈≈≈≈≈§≈≈§§≈≈..##......)##
.....#.....≈≈≈≈§§§..(.#........#.
.....#......≈≈≈≈.§§(..#........#.
.....#..)...)§§...(...#........##
.....#...)...§≈.§.(...#.........#
.....#.....§≈≈≈§NS§...#........)#
.....####'#§§≈§§@#§####.####..)#)
......#..).§≈≈≈≈≈N...#..#..#..)#.
......##..[§≈≈≈≈≈...##..#..##..##
.......##...≈≈.§...##...##..#...#
........##....§...##.....#.<#...#
.........##......##......#.##...#
..#.......########.......#.#....'
..#.÷...................)#.'....#
..#.....................#.#.#.#..


You could see a naga warrior, a nagaraja and a guardian serpent.

Vanquished Creatures
  Nikola (Snake:1)
  Rupert (Lair:5)
  A tentacled monstrosity (Swamp:4)
  5 thorn hunters
  7 nagarajas
  Louise (Swamp:3)
  Roxanne (Swamp:1)
  Aizul (Snake:1)
  2 entropy weavers
  A very ugly thing (Swamp:1)
  Nessos (D:15)
  A dire elephant (Lair:6)
  2 green deaths (Swamp:4)
  A minotaur (Lab)
  A fire dragon (D:14)
  Harold (D:12)
  4 vault guards (D:13)
  12 naga warriors
  2 catoblepae (Lair:6)
  15 hydras
  11 anacondas
  2 centaur warriors (D:15)
  A ghost crab (Swamp:3)
  3 alligators
  A queen ant (Lair:4)
  7 two-headed ogres
  A tengu warrior (D:15)
  A deep troll shaman (Lair:6)
  Urug (D:15)
  3 thrashing horrors (Swamp:4)
  3 orc high priests (Orc:2)
  11 death yaks
  7 shock serpents
  13 naga sharpshooters
  Sonja (D:15)
  8 salamander mystics
  7 skeletal warriors
  4 spriggan druids
  2 unseen horrors (D:15)
  A glowing orange brain (shapeshifter) (D:15)
  A glowing orange brain (D:15)
  A swamp dragon (shapeshifter) (D:15)
  5 swamp dragons
  3 shambling mangroves
  3 lindwurms (Snake:4)
  3 naga ritualists
  21 ugly things
  A wolf spider zombie (D:14)
  7 orc knights
  7 mana vipers
  A mana viper (shapeshifter) (D:15)
  12 salamanders
  6 cyclopes
  7 orc sorcerers
  A manticore (D:14)
  32 black mambas
  4 guardian serpents
  Maurice (Orc:1)
  17 naga magi
  5 elephants (Lair:6)
  A torpor snail (Lair:4)
  3 orange demons (Swamp:4)
  A kobold demonologist (D:13)
  2 gargoyles
  15 spiny frogs
  A tengu conjurer (D:14)
  2 freezing wraiths
  5 rime drakes
  6 komodo dragons
  6 tyrant leeches
  A redback zombie (D:12)
  4 trolls
  A wolf spider simulacrum (D:14)
  A meliai (shapeshifter) (D:14)
  Prince Ribbit (D:5)
  51 slime creatures
  11 blink frogs
  20 bog bodies
  15 hornets
  12 hippogriffs
  5 dream sheep (Lair:6)
  8 shadows
  A large abomination (Swamp:4)
  8 redbacks (D:15)
  A basilisk (Lair:6)
  Eustachio (D:6)
  2 vampires
  12 spriggans
  2 wraiths (D:11)
  5 wyverns
  4 hungry ghosts
  32 yaks
  A steam dragon (D:11)
  3 wargs
  A swamp worm (shapeshifter) (D:15)
  31 nagas
  20 soldier ants (Lair:4)
  29 swamp worms
  10 vampire mosquitoes
  14 water moccasins
  3 acid dragons
  9 swamp drakes
  4 porcupines
  2 eyes of draining
  3 ice beasts
  32 orc warriors
  7 sky beasts
  6 black bears
  2 necrophages
  2 phantoms
  12 ogres
  10 wolves
  13 centaurs
  13 crocodiles
  2 big kobolds
  16 bullfrogs
  A wyvern zombie (D:12)
  A hornet simulacrum (D:15)
  5 scorpions
  A troll zombie (D:11)
  A troll skeleton (Swamp:3)
  8 killer bees
  A howler monkey (D:10)
  A bullfrog zombie (D:11)
  8 crimson imps
  3 hounds
  A wyvern simulacrum (D:13)
  5 centaur zombies
  7 jellies
  30 orc priests
  4 centaur skeletons
  4 iguanas
  47 orc wizards
  24 worker ants
  5 hell rats (D:10)
  5 ogre zombies (D:11)
  A worker ant zombie (D:6)
  6 adders
  2 river rats (D:10)
  6 shadow imps
  4 oozes (Lair:6)
  An adder skeleton (D:6)
  An adder zombie (D:7)
  3 worms
  A dart slug (D:1)
  3 leopard geckos
  133 orcs
  5 bats
  2 giant cockroaches
  7 goblins
  5 hobgoblins
  14 jackals
  7 quokkas
  3 ball pythons
  2 frilled lizards
  A goblin skeleton (D:11)
  4 goblin zombies (D:11)
  2 hobgoblin skeletons (D:11)
  2 hobgoblin zombies (D:11)
  A jackal skeleton (D:6)
  17 kobolds
  10 orc zombies (D:11)
  2 quokka skeletons
  A quokka zombie (D:6)
  8 rats
  A spectral orc (D:4)
  2 fungi (Lair:4)
  A plant (Lair:6)
1192 creatures vanquished.

Vanquished Creatures (others)
  A salamander (Snake:2)
  2 dream sheep (Lair:6)
  A yak (Lair:6)
  A centaur (D:12)
  3 fungi
  A plant (Lair:3)
9 creatures vanquished.

Grand Total: 1201 creatures vanquished

Notes
Turn   | Place    | Note
-------+----------+-------------------------------------------
     0 | D:1      | manyhoops the Centaur Gladiator began the quest for the Orb.
     0 | D:1      | Reached XP level 1. HP: 17/17 MP: 1/1
   111 | D:1      | Reached XP level 2. HP: 23/25 MP: 2/2
   525 | D:2      | Found a shimmering altar of Xom.
  1071 | D:2      | Reached XP level 3. HP: 31/31 MP: 3/3
  1413 | D:3      | Found a hazy altar of Hepliaklqana.
  1583 | D:3      | Found an iron altar of Okawaru.
  1684 | D:3      | Became a worshipper of Warmaster Okawaru
  2047 | D:4      | Reached XP level 4. HP: 36/40 MP: 4/4
  2211 | D:4      | Reached skill level 5 in Fighting
  2281 | D:4      | Reached XP level 5. HP: 42/48 MP: 5/5
  2853 | D:4      | Found a basalt altar of Yredelemnul.
  2911 | D:5      | Entered Level 5 of the Dungeon
  2937 | D:5      | Noticed an ogre
  2965 | D:5      | Killed an ogre
  2965 | D:5      | Reached XP level 6. HP: 9/58 MP: 6/6
  3150 | D:5      | Found a staircase to the Ecumenical Temple.
  3329 | D:5      | Noticed a sky beast
  3340 | D:5      | Killed a sky beast
  3340 | D:5      | Reached * piety under Okawaru
  3346 | D:5      | Gained mutation: Your flesh is heat resistant. (rF+) [mutagenic meat]
  3347 | D:5      | Gained mutation: Your spells are a little harder to cast, but a little more powerful. [mutagenic meat]
  3348 | D:5      | Gained mutation: You are agile. (Dex +2) [mutagenic meat]
  3370 | D:5      | Noticed Prince Ribbit
  3401 | D:5      | Killed Prince Ribbit
  3401 | D:5      | Reached ** piety under Okawaru
  3401 | D:5      | Reached XP level 7. HP: 24/64 MP: 7/7
  3474 | D:5      | Reached skill level 5 in Staves
  4030 | D:6      | Noticed Eustachio
  4100 | D:6      | Killed Eustachio
  4446 | D:6      | Reached XP level 8. HP: 68/71 MP: 8/8
  4846 | D:6      | Reached *** piety under Okawaru
  4982 | D:6      | Lost mutation: You are agile. (Dex +2) [potion of mutation]
  4982 | D:6      | Lost mutation: Your flesh is heat resistant. (rF+) [potion of mutation]
  4982 | D:6      | Lost mutation: Your spells are a little harder to cast, but a little more powerful. [potion of mutation]
  4982 | D:6      | Gained mutation: Your spells are a little easier to cast, but a little less powerful. [potion of mutation]
  4982 | D:6      | Gained mutation: You possess an exceptional clarity of mind. [potion of mutation]
  4982 | D:6      | Gained mutation: Your flesh is cold resistant. (rC+) [potion of mutation]
  4982 | D:6      | Gained mutation: You are partially covered in large bone plates. (SH +4) [potion of mutation]
  5113 | D:6      | Found a glowing golden altar of the Shining One.
  6128 | D:7      | Reached XP level 9. HP: 73/78 MP: 6/9
  6264 | D:7      | Found a faded altar of an unknown god.
  6264 | D:7      | Found a faded altar of an unknown god.
  6269 | D:7      | Found a shadowy altar of Dithmenos.
  6285 | D:7      | Reached skill level 10 in Staves
  6286 | D:7      | Found a snail-covered altar of Cheibriados.
  6295 | D:7      | Found a glowing silver altar of Zin.
  6564 | D:8      | Reached **** piety under Okawaru
  6658 | D:8      | Reached skill level 1 in Bows
  7385 | D:8      | Reached skill level 5 in Bows
  7712 | D:8      | Found a deep blue altar of Sif Muna.
  8126 | D:9      | Found a basalt altar of Yredelemnul.
  8245 | D:9      | Received a gift from Okawaru
  8254 | D:9      | Reached XP level 10. HP: 49/84 MP: 10/10
  9125 | D:10     | Entered Level 10 of the Dungeon
  9327 | D:10     | Noticed a two-headed ogre
  9345 | D:9      | Identified a scroll of acquirement
  9643 | D:10     | Reached skill level 10 in Bows
  9772 | D:10     | Killed a two-headed ogre
  9772 | D:10     | Reached ***** piety under Okawaru
  9772 | D:10     | Received a gift from Okawaru
 10138 | D:10     | Noticed a cyclops
 10325 | D:10     | Noticed a death yak
 10488 | D:11     | Got a pitted steel amulet
 10681 | D:11     | Identified the amulet "Tuisidut" {Regen+ MP+9} (You found it on level 11 of the Dungeon)
 11306 | D:10     | Found a staircase to the Lair.
 11375 | D:10     | Noticed a death yak
 11376 | D:10     | Noticed a death yak
 11859 | D:11     | Found a staircase to the Orcish Mines.
 12022 | D:11     | Received a gift from Okawaru
 12349 | D:11     | Reached XP level 11. HP: 91/91 MP: 11/11
 13517 | D:12     | Noticed a white ugly thing
 13543 | D:11     | Received a gift from Okawaru
 13990 | D:10     | Killed a death yak
 13990 | D:10     | Received a gift from Okawaru
 13996 | D:10     | Killed a death yak
 14492 | D:10     | Received a gift from Okawaru
 14523 | D:10     | Killed a death yak
 14523 | D:10     | Reached skill level 5 in Polearms
 14587 | D:10     | Got a distressingly furry centaur barding {god gift}
 14594 | D:10     | Identified the +0 centaur barding "Quosoeg" {rElec rF- Dex-3 SInv} (Okawaru gifted it to you on level 10 of the Dungeon)
 14980 | Lair:1   | Entered Level 1 of the Lair of Beasts
 15719 | Lair:1   | Reached XP level 12. HP: 42/100 MP: 12/12
 16644 | Lair:2   | Identified the +2 robe of Contentment {rPois Dex+3} (You found it on level 2 of the Lair of Beasts)
 17565 | Lair:3   | Reached skill level 10 in Polearms
 17663 | Lair:3   | Received a gift from Okawaru
 17879 | Lair:3   | Found a staircase to the Snake Pit.
 18041 | Lair:3   | Received a gift from Okawaru
 18044 | Lair:3   | Got a smoking triple crossbow {god gift}
 18046 | Lair:3   | Identified the +8 triple crossbow of Teneoq {speed, Str-2 Int+5 Dex+4} (Okawaru gifted it to you on level 3 of the Lair of Beasts)
 18190 | Lair:4   | Reached skill level 1 in Crossbows
 18226 | Lair:4   | Reached skill level 2 in Crossbows
 18242 | Lair:4   | Found a staircase to the Swamp.
 18287 | Lair:4   | Reached skill level 3 in Crossbows
 18327 | Lair:4   | Reached skill level 4 in Crossbows
 18349 | Lair:4   | Noticed an entropy weaver
 18562 | Lair:3   | Killed an entropy weaver
 18562 | Lair:3   | Reached skill level 5 in Crossbows
 18689 | Lair:4   | Reached skill level 6 in Crossbows
 18692 | Lair:4   | Noticed an entropy weaver
 18698 | Lair:4   | Killed an entropy weaver
 18698 | Lair:4   | Reached skill level 7 in Crossbows
 18765 | Lair:4   | Noticed a queen ant
 18787 | Lair:4   | Killed a queen ant
 18840 | Lair:4   | Received a gift from Okawaru
 18899 | Lair:4   | Reached skill level 8 in Crossbows
 18926 | Lair:4   | Reached XP level 13. HP: 101/105 MP: 13/13
 19697 | Lair:4   | Reached skill level 9 in Crossbows
 19714 | Lair:5   | Noticed Rupert
 20020 | Lair:4   | Reached ****** piety under Okawaru
 20020 | Lair:4   | Reached skill level 10 in Crossbows
 20558 | Lair:5   | Killed Rupert
 20558 | Lair:5   | Reached skill level 11 in Crossbows
 20990 | Lair:6   | Entered Level 6 of the Lair of Beasts
 21067 | Lair:6   | Identified the +3 centaur barding of Yzahi {rC+++} (You acquired it on level 6 of the Lair of Beasts)
 21097 | Lair:6   | Reached skill level 12 in Crossbows
 21184 | Lair:6   | Found a staircase to the Slime Pits.
 21311 | Lair:6   | Reached skill level 1 in Invocations
 21343 | Lair:6   | Received a gift from Okawaru
 21579 | Lair:6   | Reached skill level 13 in Crossbows
 22041 | Lair:6   | Reached XP level 14. HP: 86/113 MP: 16/16
 22157 | Lair:6   | Reached skill level 14 in Crossbows
 22260 | Lair:6   | Identified the Disquisition on Shape Shifting and Ice
 22646 | D:12     | Noticed Harold
 22681 | D:12     | Killed Harold
 22763 | D:12     | Received a gift from Okawaru
 23081 | D:12     | Found a shimmering altar of Xom.
 23337 | D:12     | Reached skill level 15 in Crossbows
 23763 | D:13     | Found Uwo Qai's Assorted Antiques.
 23774 | D:13     | Bought a scroll of identify for 66 gold pieces
 23774 | D:13     | Bought a scroll of teleportation for 99 gold pieces
 23806 | D:13     | Found a gate to the Vaults.
 23814 | D:13     | Found a labyrinth entrance.
 23823 | Lab      | Entered a labyrinth
 24174 | Lab      | Identified the cursed +1 executioner's axe "Beicwol" {chop, Int+7} (You found it in a labyrinth)
 24238 | D:13     | Reached skill level 5 in Invocations
 25371 | D:14     | Reached skill level 16 in Crossbows
 25721 | D:14     | Received a gift from Okawaru
 26211 | D:14     | Received a gift from Okawaru
 26220 | D:14     | Reached XP level 15. HP: 100/118 MP: 19/19
 26224 | D:14     | Identified the +6 shortbow of Valour {freeze, Dex+3} (Okawaru gifted it to you on level 14 of the Dungeon)
 26450 | D:14     | Reached skill level 17 in Crossbows
 26736 | D:15     | Entered Level 15 of the Dungeon
 26931 | D:15     | Noticed Nessos
 26940 | D:15     | Killed Nessos
 26994 | D:15     | Received a gift from Okawaru
 27287 | D:15     | Noticed Urug
 27312 | D:15     | Killed Urug
 27452 | D:15     | Noticed Sonja
 27467 | D:15     | Killed Sonja
 27497 | D:15     | Reached skill level 18 in Crossbows
 27649 | D:15     | Found a staircase to the Depths.
 28248 | Orc:1    | Entered Level 1 of the Orcish Mines
 28644 | Orc:1    | Noticed Maurice
 28679 | Orc:1    | Killed Maurice
 29232 | Orc:2    | Entered Level 2 of the Orcish Mines
 30306 | Orc:2    | Found a staircase to the Elven Halls.
 30453 | Orc:2    | Received a gift from Okawaru
 30736 | Orc:2    | Found Teulilal's Assorted Antiques.
 30761 | Orc:2    | Found Tufiow's Book Emporium.
 30765 | Orc:2    | Found Zamod's Gadget Emporium.
 30769 | Orc:2    | Bought 3 scrolls labeled MACZIUL SEKHIV for 87 gold pieces
 30773 | Orc:2    | Found Fuak's Antique Weapon Boutique.
 30910 | Orc:2    | Bought a scroll of enchant weapon for 217 gold pieces
 30910 | Orc:2    | Bought a potion of might for 116 gold pieces
 30910 | Orc:2    | Bought a blackened diamond amulet for 145 gold pieces
 31300 | D:13     | Bought a scroll of acquirement for 1716 gold pieces
 31467 | Swamp:1  | Entered Level 1 of the Swamp
 31965 | Swamp:1  | Noticed Roxanne
 32234 | Swamp:1  | Reached XP level 16. HP: 123/128 MP: 21/21
 32563 | Swamp:1  | Found a sacrificial altar of Ru.
 32627 | Swamp:1  | Received a gift from Okawaru
 32634 | Swamp:1  | Got a distressingly furry centaur barding {god gift}
 32645 | Swamp:1  | Identified the +4 centaur barding of Intuition {rElec rC+} (Okawaru gifted it to you on level 1 of the Swamp)
 32703 | Swamp:1  | Paralysed by a hornet for 3 turns
 33336 | Swamp:1  | Killed Roxanne
 33360 | Swamp:1  | Identified Roxanne's Volume of Transformation (You took it off Roxanne on level 1 of the Swamp)
 33413 | Swamp:2  | Noticed a thorn hunter
 33419 | Swamp:2  | Killed a thorn hunter
 33491 | Swamp:1  | HP: 5/128 [slime creature (11)]
 35114 | Swamp:3  | Noticed a thorn hunter
 35122 | Swamp:3  | Killed a thorn hunter
 35878 | Swamp:3  | Received a gift from Okawaru
 36000 | Swamp:3  | Paralysed by a hornet for 1 turns
 36307 | Swamp:3  | Reached skill level 19 in Crossbows
 36526 | Swamp:3  | Noticed Louise
 36554 | Swamp:3  | Killed Louise
 36554 | Swamp:3  | Received a gift from Okawaru
 36554 | Swamp:3  | Reached skill level 10 in Fighting
 36759 | Swamp:4  | Entered Level 4 of the Swamp
 36765 | Swamp:4  | Noticed a thorn hunter
 36828 | Swamp:4  | Noticed a thorn hunter
 36837 | Swamp:4  | Killed a thorn hunter
 36837 | Swamp:4  | Reached skill level 1 in Armour
 37227 | Swamp:4  | Killed a thorn hunter
 38587 | Swamp:4  | Received a gift from Okawaru
 38610 | Swamp:4  | Reached XP level 17. HP: 138/140 MP: 22/22
 38641 | Swamp:4  | Reached skill level 5 in Armour
 39026 | Swamp:4  | Noticed a tentacled monstrosity
 39040 | Swamp:4  | Killed a tentacled monstrosity
 39040 | Swamp:4  | Received a gift from Okawaru
 39043 | Swamp:4  | Got an ichor-stained arbalest {god gift}
 39044 | Swamp:4  | Identified the +10 arbalest of Capital Punishment {elec, +Blink rF+++ MR+ Dex-3} (Okawaru gifted it to you on level 4 of the Swamp)
 39779 | Swamp:4  | Got a decaying rune of Zot
 39968 | Snake:1  | Entered Level 1 of the Snake Pit
 41595 | Snake:1  | Received a gift from Okawaru
 41640 | Snake:1  | Found Ziothal's General Store.
 41640 | Snake:1  | Found Bugefet's Antique Weapon Shoppe.
 41830 | Snake:1  | Bought a potion of curing for 48 gold pieces
 41830 | Snake:1  | Bought a potion of ambrosia for 128 gold pieces
 41830 | Snake:1  | Bought a potion of curing for 48 gold pieces
 41842 | Snake:1  | Bought 2 scrolls of summoning for 304 gold pieces
 42076 | Snake:1  | Noticed Aizul
 42096 | Snake:1  | Killed Aizul
 42096 | Snake:1  | Received a gift from Okawaru
 42113 | Snake:1  | Got a silken robe {god gift}
 42141 | Snake:1  | Identified the +1 robe "Memotot Lemp" {rPois} (Okawaru gifted it to you on level 1 of the Snake Pit)
 42835 | Snake:1  | Identified the Incunabulum of Icy Poisoning
 42998 | Snake:1  | Noticed Nikola
 43009 | Snake:1  | Killed Nikola
 44260 | Snake:2  | Found a stormy altar of Qazlal.
 45093 | Snake:4  | Entered Level 4 of the Snake Pit
 45267 | Snake:4  | Reached XP level 18. HP: 128/154 MP: 23/23
 45426 | Snake:4  | Received a gift from Okawaru
 46662 | Snake:4  | Received a gift from Okawaru
 46694 | Snake:4  | Received a gift from Okawaru
 47228 | Snake:4  | Received a gift from Okawaru
 47652 | Snake:4  | HP: 5/158 [nagaraja/halberd (11)]
 47652 | Snake:4  | Slain by a naga warrior

Skill      XL: |  1  2  3  4  5  6  7  8  9 10 11 12 13 14 15 16 17 18 |
---------------+-------------------------------------------------------+-----
Fighting       | 3 4 5 6 7 8 10 11 13 | 13.5
Staves         | 4 6 9 10 11 12 | 12.4
Bows           | 8 13 14 | 14.2
Polearms       | 8 10 11 | 11.2
Crossbows      | 8 13 16 18 19 | 19.9
Invocations    | 3 6 7 |  7.9
Armour         | 4 9 |  9.5
Throwing       | |  2.1
Dodging        | |  2.1

Action                   |  1- 3 |  4- 6 |  7- 9 | 10-12 | 13-15 | 16-18 || total
-------------------------+-------+-------+-------+-------+-------+-------++-------
Melee: Quarterstaff      |   124 |   118 |   476 |    23 |       |       ||   741
       Kick              |    20 |    30 |   113 |   128 |   116 |   401 ||   808
       Glaive            |       |       |       |   478 |   317 |     4 ||   799
       Shortbow          |       |       |       |     6 |       |       ||     6
       Bardiche          |       |       |       |       |    42 |       ||    42
       Lajatang          |       |       |       |       |    37 |   999 ||  1036
 Fire: Shortbow          |       |       |   128 |   579 |       |   869 ||  1576
       Triple crossbow   |       |       |       |   134 |  1160 |   408 ||  1702
Throw: Throwing net      |       |     8 |     8 |     4 |       |       ||    20
       Tomahawk          |       |     6 |       |       |       |       ||     6
Invok: Heroism           |       |       |     2 |     1 |       |     5 ||     8
       Finesse           |       |       |       |       |       |     3 ||     3
Evoke: Wand              |       |     6 |     9 |     4 |       |       ||    19
  Use: Scroll            |     9 |     3 |     4 |     9 |    18 |    14 ||    57
       Potion            |     1 |     1 |     5 |     3 |     2 |     6 ||    18
 Stab: Held in net/web   |       |       |     1 |       |       |       ||     1
  Eat: Chunk             |     1 |     7 |    13 |    13 |    29 |     5 ||    68
       Royal jelly       |       |       |     1 |     2 |     1 |     1 ||     5
       Fruit             |       |       |       |     4 |       |    22 ||    26
       Bread ration      |       |       |       |     1 |     1 |     2 ||     4
       Meat ration       |       |       |       |     1 |       |     2 ||     3
Armor: Chain mail        |    15 |       |       |       |       |       ||    15
       Leather armour    |     6 |       |       |       |       |       ||     6
       Ring mail         |    51 |    48 |   159 |   286 |    52 |       ||   596
       Scale mail        |       |       |       |       |   491 |   808 ||  1299
Dodge: Dodged            |    48 |    51 |   128 |   191 |   195 |   275 ||   888
Block: Other             |       |       |   105 |   193 |   173 |   277 ||   748
       Reflection        |       |       |     3 |     8 |     4 |    38 ||    53
